 Dungeon Crawl Stone Soup version 0.28.0-53-g5a82cb258f (webtiles) character file.

Game seed: 6100269959219078852

201 jjjjhere the Sneak (level 5, -14/35 HPs)
             Began as a Vampire Earth Elementalist on Aug 15, 2022.
             Was a Believer of Vehumet.
             Demolished by an orc warrior
             ... wielding a +0 glaive
              (20 damage)
             ... on level 4 of the Dungeon.
             The game lasted 00:05:37 (2675 turns).

jjjjhere the Sneak (Vampire Earth Elementalist)     Turns: 2675, Time: 00:05:38

Health: -14/35     AC:  2    Str:  7    XL:     5   Next: 50%
Magic:  7/9        EV: 12    Int: 19    God:    Vehumet [**....]
Gold:   132        SH:  0    Dex: 15    Spells: 6/10 levels left

rFire   . . .      SeeInvis +   e - +3 short sword (venom)
rCold   . . .      Faith    +   (no shield)
rNeg    . . .      Spirit   .   b - +0 robe
rPois   .          Reflect  .   (no helmet)
rElec   .          Harm     .   (no cloak)
rCorr   .          Rampage  .   (no gloves)
Will    .....                   (no boots)
Stlth   +++.......              a - amulet of faith
HPRegen 0.31/turn               g - ring of flight
MPRegen 0.11/turn               (no ring)

@: flying, healing quickly
A: alive, fangs 3, see invisible, vampiric 2
a: Exsanguinate, Renounce Religion


You were on level 4 of the Dungeon.
You worshipped Vehumet.
Vehumet was pleased with you.
You visited 1 branch of the dungeon, and saw 4 of its levels.

You collected 132 gold pieces.

Inventory:

Hand Weapons
 e - a +3 short sword of venom (weapon)
Missiles
 c - 107 stones
Armour
 b - a +0 robe (worn)
 k - a +0 buckler
Magical Staves
 i - a staff of air
 j - a staff of conjuration
Jewellery
 a - an amulet of faith (around neck)
 g - a ring of flight (left hand)
Wands
 o - a wand of iceblast (1)
Scrolls
 l - a scroll of amnesia
Potions
 d - a potion of haste
 f - 3 potions of curing {unknown}
 h - a potion of flight {unknown}
 m - a potion of cancellation {unknown}
 n - 2 potions of degeneration {unknown}


   Skills:
 - Level 2.1 Dodging
 - Level 4.7 Stealth
 + Level 1.8 Shields
 + Level 3.2 Spellcasting
 - Level 1.1 Transmutations
 + Level 4.3 Earth Magic


You had 6 spell levels left.
You knew the following spells:

 Your Spells              Type           Power      Damage    Failure   Level
a - Sandblast             Erth           38%        2d10      2%          1
b - Stone Arrow           Conj/Erth      22%        3d8       19%         3

Your spell library contained the following spells:

 Spells                   Type           Power      Damage    Failure   Level
 Foxfire                  Conj/Fire      12%        2x1d4     16%         1
 Passwall                 Tmut/Erth      10%        N/A       8%          2
 Petrify                  Tmut/Erth      13%        N/A       43%         4


Dungeon Overview and Level Annotations

Branches:
Dungeon (4/15)
 Temple: D:4-7

Altars:
Okawaru
Ru
Vehumet
Yredelemnul
Zin

Shops:
D:2 :


Innate Abilities, Weirdness & Mutations

Your natural rate of healing is accelerated.
You have razor-sharp teeth.
You have supernaturally acute eyesight. (SInv)
You are afflicted with vampirism and can become a bat while bloodless.


Message History

a +0 whip; a +0 ring mail; an orc corpse
There is an open door here.
Items here: )) [[ †.
Okay, then.
A quokka comes into view.
Aiming: Iceblast
Press: ? - help, Shift-Dir - straight line, f - orc warrior
Aim: an orc warrior, wielding a +0 glaive and wearing a +0 chain mail (wandering, hasn't noticed you)
The mass of ice explodes!
The iceblast engulfs the orc warrior!
The orc warrior is heavily wounded.
The orc warrior shouts!
Aiming: Iceblast
Press: ? - help, Shift-Dir - straight line, f/p - orc warrior
Aim: an orc warrior, wielding a +0 glaive and wearing a +0 chain mail (heavily wounded)
The mass of ice explodes!
The iceblast engulfs the orc warrior.
The orc warrior is severely wounded.
The quokka twitches its whiskers.
The orc warrior hits you from afar with a +0 glaive!!
Ouch! That really hurt!
* * * LOW HITPOINT WARNING * * *
Casting: Sandblast (safe; 2% risk of failure)
Confirm with . or Enter, or press ? or * to list all spells.
The spell is quite dangerous to miscast (19% risk of failure)!
Continue anyway?
Aiming: Stone Arrow (quite dangerous; 19% risk of failure)
Press: ? - help, Shift-Dir - straight line, f/p - orc warrior
Aim: an orc warrior, wielding a +0 glaive and wearing a +0 chain mail (severely wounded, 64% to hit)
The stone arrow misses the orc warrior.
The orc warrior closely misses you.
Aiming: Iceblast
Press: ? - help, Shift-Dir - straight line, f/p - orc warrior
Aim: an orc warrior, wielding a +0 glaive and wearing a +0 chain mail (severely wounded)
The mass of ice explodes!
The iceblast engulfs the orc warrior!
The orc warrior is almost dead.
The iceblast engulfs the quokka!
You kill the quokka!
Vehumet accepts your kill.
The orc warrior hits you from afar with a +0 glaive!
* * * LOW HITPOINT WARNING * * *
The orc warrior hits you from afar with a +0 glaive!!
Ouch! That really hurt!
You die...

#.....#)###.....
#.....#...#.....
#.....#...#.....
#.....#)..######
+.....#.........
#.....#.........
##+###o....#.........
#..........#.........
#...@......#...##....
#.....###########....
#.....+...#....#.....
#.....#...#....#.....
#.....#...#....##....
#.....#...'....##....
#.....'...#..........
#.....#...#..........
#.....###########....


You could see an orc warrior.

Vanquished Creatures
  A scorpion (D:4)
  Jessica (D:3)
  4 adders (D:2)
  3 worms
  3 dart slugs
  4 orcs
  6 bats
  4 endoplasms
  5 giant cockroaches
  6 hobgoblins
  5 jackals
  2 quokkas
  3 frilled lizards
  7 goblins
  3 kobolds
  3 rats
60 creatures vanquished.

Notes
Turn   | Place    | Note
-------+----------+-------------------------------------------
     0 | D:1      | jjjjhere the Vampire Earth Elementalist began the quest for
                  | the Orb.
     0 | D:1      | Reached XP level 1. HP: 13/13 MP: 3/3
   199 | D:1      | Reached XP level 2. HP: 19/19 MP: 3/5
   477 | D:1      | Found a faded altar of an unknown god.
   842 | D:1      | Prayed at the altar of an unknown god.
   842 | D:1      | Became a worshipper of Vehumet
   842 | D:1      | Reached * piety under Vehumet
   842 | D:1      | Offered knowledge of Magic Dart by Vehumet.
   967 | D:2      | Gained mutation: You are afflicted with vampirism and can
                  | become a bat while bloodless. [Vampire growth]
   967 | D:2      | Reached XP level 3. HP: 24/24 MP: 6/6
  1098 | D:2      | Found Puhip's Book Boutique.
  1226 | D:2      | Reached XP level 4. HP: 30/30 MP: 7/7
  1285 | D:2      | Reached ** piety under Vehumet
  1315 | D:2      | Offered knowledge of Foxfire by Vehumet.
  1830 | D:3      | Found a sacrificial altar of Ru.
  1886 | D:3      | Noticed Jessica
  1890 | D:3      | Killed Jessica
  1891 | D:3      | Reached skill level 1 in Shields
  2319 | D:4      | Found a basalt altar of Yredelemnul.
  2334 | D:4      | Noticed a scorpion
  2347 | D:4      | HP: 5/30 [scorpion (9)]
  2386 | D:4      | Killed a scorpion
  2387 | D:4      | Reached XP level 5. HP: 15/35 MP: 1/9
  2572 | D:4      | Found an iron altar of Okawaru.
  2574 | D:4      | Noticed an orc warrior
  2584 | D:4      | Learned a level 3 spell: Stone Arrow
  2661 | D:4      | HP: 9/35 [orc warrior/+0 glaive (26)]
  2670 | D:4      | HP: 5/35 [orc warrior/+0 glaive (7)]
  2675 | D:4      | Demolished by an orc warrior

Illustrated notes

Levels and vault maps discovered:
D:1:      mrwooster_arrival_statue, layout_basic,
          shapermc_ecumenical_altar_acropolis
D:2:      layout_loops_ring, serial_shops, shop
D:3:      layout_rooms, lemuel_round_altar, nicolae_ru_the_path_less_chosen,
          kennysheep_generic_room_7, uniq_jessica
D:4:      layout_gridville, xom_butterflies, okawaru_trees_1,
          nicolae_overflow_crystal_walls

Skill      XL: |  1  2  3  4 |
---------------+-------------+-----
Stealth        | 4 |  4.7
Shields        | 1 |  1.8
Earth Magic    | 4 |  4.3
Spellcasting   | 3 |  3.2
Dodging        | |  2.1
Transmutations | |  1.1

Action                   |  1- 3 |  4- 6 || total
-------------------------+-------+-------++-------
Melee: Unarmed           |     8 |       ||     8
       Short sword       |    37 |    52 ||    89
       Bite              |     2 |     7 ||     9
 Cast: Sandblast         |    13 |    12 ||    25
       Stone Arrow       |       |     1 ||     1
Evoke: Wand              |       |     4 ||     4
  Use: Scroll            |       |     5 ||     5
       Potion            |       |     1 ||     1
 Stab: Sleeping          |    11 |     2 ||    13
       Distracted        |       |     1 ||     1
Armor: Robe              |     4 |     4 ||     8
Dodge: Dodged            |    26 |    32 ||    58
Block: Buckler           |     3 |     7 ||    10
